 Dungeon Crawl Stone Soup version 0.20.1-1-g8b1a95d (webtiles) character file.

494 homeworkjunkie the Chopper (level 7, 0/62 HPs)
             Began as a Hill Orc Fighter on Dec 18, 2017.
             Succumbed to Ijyb's poison
             ... on level 4 of the Dungeon.
             The game lasted 00:05:23 (3492 turns).

homeworkjunkie the Chopper (Hill Orc Fighter)       Turns: 3492, Time: 00:05:24

Health: 0/62       AC:  9    Str: 20    XL:     7   Next: 15%
Magic:  7/7        EV:  5    Int:  2    God:
Gold:   207        SH:  9    Dex: 11    Spells: 6/6 levels left

rFire    . . .     SeeInvis .   a - +1 war axe
rCold    . . .     Gourm    .   c - +0 shield
rNeg     . . .     Faith    .   d - +0 chain mail
rPois    .         Spirit   .   (no helmet)
rElec    .         Reflect  .   (no cloak)
rCorr    .         Harm     .   (no gloves)
MR       .....                  (no boots)
Stlth    ..........             (no amulet)
Regen    0.2/turn               j - -6 ring of intelligence (curse)
MPRegen  0.1/turn               i - +3 ring of slaying (curse)

@: lethally poisoned (0 -> -4)
A: no striking features
a: no special abilities


You were on level 4 of the Dungeon.
You were hungry.

You visited 1 branch of the dungeon, and saw 5 of its levels.

You collected 207 gold pieces.

Inventory:

Hand Weapons
 a - a +1 war axe (weapon)
Armour
 c - a +0 shield (worn)
 d - a +0 chain mail (worn)
Jewellery
 i - a cursed +3 ring of slaying (right hand)
 j - a cursed -6 ring of intelligence (left hand)
Scrolls
 e - 5 scrolls of identify
 g - 2 scrolls of teleportation


   Skills:
 * Level 5.7 Fighting
 * Level 6.8 Axes
 * Level 4.1 Armour
 + Level 0.7 Dodging
 + Level 0.1 Stealth
 * Level 4.4 Shields


You had 6 spell levels left.
You didn't know any spells.

Dungeon Overview and Level Annotations

Branches:
Dungeon (5/15)
 Temple: D:4-7

Altars:
Xom


Message History

You feel sick.
* * * LOW HITPOINT WARNING * * *
You feel sick.
* * * LOW HITPOINT WARNING * * *
You feel sick.
* * * LOW HITPOINT WARNING * * *
You feel sick.
* * * LOW HITPOINT WARNING * * *
You feel sick.
* * * LOW HITPOINT WARNING * * *
You feel sick.
* * * LOW HITPOINT WARNING * * *
You feel sick.
* * * LOW HITPOINT WARNING * * *
You feel sick.
* * * LOW HITPOINT WARNING * * *
You feel sick.
* * * LOW HITPOINT WARNING * * *
You feel sick.
You die...

############
#..........#
#...@......#
#..........#
#..........#
#..........# ##
#..........# .#
###..........#
.###
##.%†.........#
...#
##.......##.####
##.#
#.#########..#


There were no monsters in sight!

Vanquished Creatures
  An ogre (D:4)
  A howler monkey (D:5)
  2 orc priests
  A bullfrog skeleton (D:4)
  Ijyb (D:4)
  A worker ant (D:4)
  A hound skeleton (D:4)
  A gnoll (D:1)
  8 adders
  An ooze (D:1)
  4 worms
  A dart slug (D:3)
  4 leopard geckos
  12 orcs
  3 ball pythons
  6 bats
  4 giant cockroaches
  8 hobgoblins
  6 jackals
  2 quokkas
  8 frilled lizards
  14 goblins
  10 kobolds
  A leopard gecko skeleton (D:4)
  7 rats
108 creatures vanquished.

Notes
Turn   | Place    | Note
-------+----------+-------------------------------------------
     0 | D:1      | homeworkjunkie the Hill Orc Fighter began the quest for the Orb.
     0 | D:1      | Reached XP level 1. HP: 19/19 MP: 1/1
    89 | D:1      | Reached skill level 3 in Axes
    89 | D:1      | Reached XP level 2. HP: 22/27 MP: 2/2
   294 | D:2      | Reached XP level 3. HP: 30/33 MP: 3/3
   859 | D:2      | Reached XP level 4. HP: 30/41 MP: 4/4
  1064 | D:2      | Reached skill level 4 in Axes
  1708 | D:3      | Reached XP level 5. HP: 47/47 MP: 5/5
  2820 | D:2      | Found a shimmering altar of Xom.
  2892 | D:2      | Reached skill level 5 in Axes
  3213 | D:4      | Reached skill level 5 in Fighting
  3224 | D:5      | Entered Level 5 of the Dungeon
  3241 | D:4      | Reached XP level 6. HP: 52/56 MP: 6/6
  3253 | D:4      | Reached skill level 6 in Axes
  3408 | D:4      | Reached XP level 7. HP: 56/61 MP: 7/7
  3448 | D:4      | Noticed Ijyb
  3470 | D:4      | Killed Ijyb
  3487 | D:4      | HP: 3/62 [poisoned by Ijyb]
  3490 | D:4      | HP: 1/62 [poisoned by Ijyb]
  3492 | D:4      | Succumbed to Ijyb's poison

Skill      XL: |  1  2  3  4  5  6 |
---------------+-------------------+-----
Axes           | 3 4 5 6 |  6.8
Fighting       | 4 5 |  5.7
Armour         | 4 |  4.1
Shields        | 4 |  4.4
Dodging        | |  0.7
Stealth        | |  0.1

Action                   |  1- 3 |  4- 6 |  7- 9 || total
-------------------------+-------+-------+-------++-------
Melee: War axe           |    88 |   219 |    30 ||   337
  Use: Scroll            |       |     8 |       ||     8
       Potion            |       |     5 |     1 ||     6
  Eat: Bread ration      |       |     1 |       ||     1
       Chunk             |       |     2 |       ||     2
       Royal jelly       |       |     1 |       ||     1
Armor: Scale mail        |    45 |    69 |       ||   114
       Chain mail        |       |    21 |    12 ||    33
Dodge: Dodged            |    37 |    55 |     7 ||    99
Block: Shield            |    39 |    98 |     7 ||   144
